 Dungeon Crawl Stone Soup version 0.28-a0-1002-gf00fe891ef (webtiles) character file.

Game seed: 17451668230890515774

57 Umoon2 the Ducker (level 3, 0/28 HPs)
             Began as a Demonspawn Gladiator on Dec 7, 2021.
             Slain by a gnoll (1 damage)
             ... on level 3 of the Dungeon.
             The game lasted 00:01:47 (1513 turns).

Umoon2 the Ducker (Demonspawn Gladiator)            Turns: 1513, Time: 00:01:48

Health: 0/28       AC:  4    Str: 16    XL:     3   Next: 73%
Magic:  3/3        EV: 12    Int:  9    God:
Gold:   33         SH:  0    Dex: 14    Spells: 2/2 levels left

rFire   . . .      SeeInvis .   a - +0 rapier
rCold   . . .      Faith    .   (no shield)
rNeg    . . .      Spirit   .   b - +0 leather armour
rPois   .          Reflect  .   c - +0 helmet
rElec   .          Harm     .   (no cloak)
rCorr   .          Rampage  .   (no gloves)
Will    .....                   (no boots)
Stlth   +.........              (no amulet)
HPRegen 0.09/turn               (no ring)
MPRegen 0.08/turn               (no ring)

@: no status effects
A: demonic touch 1
a: no special abilities


You were on level 3 of the Dungeon.
You visited 1 branch of the dungeon, and saw 3 of its levels.

You collected 33 gold pieces.

Inventory:

Hand Weapons
 a - a +0 rapier (weapon)
Missiles
 d - 3 throwing nets (quivered)
Armour
 b - a +0 leather armour (worn)
 c - a +0 helmet (worn)
Scrolls
 e - 3 scrolls of teleportation
 g - a scroll of blinking {unknown}
Potions
 h - 2 potions of mutation {unknown}
 i - a potion of curing {unknown}


   Skills:
 + Level 2.8 Fighting
 - Level 2.6 Short Blades
 - Level 1.7 Throwing
 + Level 1.6 Armour
 + Level 3.3 Dodging


You had 2 spell levels left.
You didn't know any spells.
Your spell library was empty.

Dungeon Overview and Level Annotations

Branches:
Dungeon (3/15)

Altars:
Yredelemnul


Innate Abilities, Weirdness & Mutations

Your touch may inflict minor irresistible damage on your foes.


Message History

You kill the orc!
You closely miss the orc.
An orc comes into view. It is wielding a +0 whip.
The orc closely misses you.
You puncture the orc!
You kill the orc!
A gnoll comes into view. It is wielding a +0 spear.
An orc comes into view. It is wielding a +0 trident.
The gnoll shouts!
The orc shouts!
The gnoll barely misses you.
Items here: )))) [ †.
A goblin, 2 gnolls and an orc come into view.
Found a whip.
The gnoll shouts! x2; The goblin shouts!
The orc shouts!
You hear a shout!
You hear a bark! x2
The gnoll hits you with a +0 spear. The gnoll closely misses you.
You hear a bark!
An endoplasm comes into view.
The orc closely misses you. The gnoll completely misses you.
You barely miss the orc.
The endoplasm quivers.
You touch the orc.
The orc is heavily wounded.
The orc hits you with a +0 whip. The gnoll hits you with a +0 spear.
The orc barely misses you. The gnoll closely misses you.
The orc hits you from afar with a +0 trident.
A jackal comes into view.
The jackal barks!
The gnoll hits you from afar with a +0 spear!
* * * LOW HITPOINT WARNING * * *
An orc comes into view. It is wielding a +0 whip.
The orc closely misses you. The orc barely misses you.
An orc wizard comes into view. It is wielding a +0 dagger.
The jackal moves out of view.
A jackal comes into view.
As you read the scroll labelled HERGHI OGRIN, it crumbles to dust.
It is a scroll of identify.
e - 3 scrolls of teleportation The gnoll hits you from afar with a +0 spear.
You die...

###....# ..
####.####
..# #<...##
.... ####..#
#....
##.##o....
#)#g.J)..
##ggg#
##oo###
#.@.# #..o#
#......
#.......o.
#.........oh
#...........
##..........
#..........


You could see an orc wizard, 3 gnolls, 5 orcs, an endoplasm, a jackal
(wandering) and a goblin.

Vanquished Creatures
  A gnoll (D:3)
  An adder (D:2)
  A dart slug (D:1)
  3 orcs (D:3)
  A ball python (D:1)
  4 endoplasms
  4 goblins
  6 hobgoblins
  2 quokkas (D:1)
  2 bats
  3 kobolds
  2 rats (D:2)
30 creatures vanquished.

Notes
Turn   | Place    | Note
-------+----------+-------------------------------------------
     0 | D:1      | Umoon2 the Demonspawn Gladiator began the quest for the
                  | Orb.
     0 | D:1      | Reached XP level 1. HP: 16/16 MP: 1/1
    75 | D:1      | Found a faded altar of an unknown god.
   267 | D:1      | Gained mutation: Your touch may inflict minor irresistible
                  | damage on your foes. [demonic ancestry]
   267 | D:1      | Reached XP level 2. HP: 22/22 MP: 2/2
   304 | D:1      | Reached skill level 3 in Dodging
   406 | D:1      | Reached skill level 1 in Armour
   965 | D:2      | Found a basalt altar of Yredelemnul.
  1003 | D:2      | Reached XP level 3. HP: 28/28 MP: 3/3
  1512 | D:3      | HP: 1/28 [gnoll (8)]
  1513 | D:3      | Slain by a gnoll

Illustrated notes

Levels and vault maps discovered:
D:1:      dpeg_arrival_connections, layout_rooms,
          chequers_ecumenical_altar_island, chequers_serial_rivers_micro_a
D:2:      layout_loops_ring, basic_altar
D:3:      layout_rooms, minitemple

Skill      XL: |  1  2 |
---------------+-------+-----
Dodging        | 3 |  3.3
Armour         | 1 |  1.6
Fighting       | |  2.8
Short Blades   | |  2.6
Throwing       | |  1.7

Action                   || total
-------------------------++-------
Melee: Rapier            ||    75
       Touch             ||     8
  Use: Scroll            ||     1
 Stab: Sleeping          ||     1
Armor: Leather armour    ||    28
Dodge: Dodged            ||    61

Table legend: (Time is in decaauts)
 A = Elapsed time spent in this place.
 B = Non-inter-level travel time spent in this place.
 C = Inter-level travel time spent in this place.
 D = Time resting spent in this place.
 E = Time spent auto-exploring this place.
 F = Levels seen in this place.
 G = Mean time per level.
                   A        B        C        D        E       F      G
               +--------+--------+--------+--------+--------+-----+--------+
         Total |   1519 |   1480 |     39 |    138 |   1124 |   3 |  506.3 |
       Dungeon |   1519 |   1480 |     39 |    138 |   1124 |   3 |  506.3 |
               +--------+--------+--------+--------+--------+-----+--------+

Top non-repeatable levels by time:
     D:2: 743 daAuts
     D:1: 730 daAuts
     D:3: 45 daAuts
